 Dungeon Crawl Stone Soup version 0.30-a0-824-g6c64550be9 (webtiles) character file.

Game seed: 12047620939655890064

1196 Nacht the Chiller (level 8, -5/52 HPs)
             Began as a Demonspawn Ice Elementalist on Feb 27, 2023.
             Was a Follower of Kikubaaqudgha.
             Splashed by a jelly's acid (9 damage)
             ... on level 6 of the Dungeon.
             The game lasted 00:08:33 (5999 turns).

Nacht the Chiller (Demonspawn Ice Elementalist)     Turns: 5999, Time: 00:08:33

Health: -5/52      AC:  1    Str:  9    XL:     8   Next: 20%
Magic:  1/17       EV: 14    Int: 18    God:    Kikubaaqudgha [*.....]
Gold:   203        SH:  0    Dex: 14    Spells: 10/19 levels left

rFire   . . .      SeeInvis .    y - staff of death
rCold   + . .      Faith    .    (no shield)
rNeg    + . .      Spirit   .    a - +0 robe
rPois   .          Reflect  .    w - +0 helmet
rElec   .          Harm     .    z - +0 cloak
rCorr   .          Rampage  .    o - +0 pair of gloves
Will    .....                    (no boots)
Stlth   ++                       (no amulet)
HPRegen 0.28/turn                n - ring of protection from cold
MPRegen 0.15/turn                (no ring)

@: corroded
A: hooves 1, repulsion field 1
a: Renounce Religion, Unearth Wretches


You were on level 6 of the Dungeon.
You worshipped Kikubaaqudgha.
Kikubaaqudgha was aware of your devotion.
You visited 2 branches of the dungeon, and saw 7 of its levels.

You collected 203 gold pieces.

Inventory:

Hand Weapons
 b - a +0 heavy hand axe
 p - a +3 short sword
 r - a +4 dagger
Missiles
 e - 2 atropa-tipped darts
 l - 4 poisoned darts
Armour
 a - a +0 robe (worn)
 o - a +0 pair of gloves (worn)
 w - a +0 helmet (worn)
 z - a +0 cloak (worn)
Magical Staves
 y - a staff of death (weapon)
Jewellery
 n - a ring of protection from cold (left hand)
 B - a ring of flight
Wands
 q - a wand of acid (8) (quivered)
Scrolls
 c - 3 scrolls of poison {unknown}
 d - 3 scrolls of teleportation {unknown}
 h - 4 scrolls of identify {unknown}
 i - 2 scrolls of butterflies {unknown}
 m - 2 scrolls of blinking {unknown}
 u - a scroll of magic mapping {unknown}
 C - a scroll of vulnerability {unknown}
Potions
 f - a potion of degeneration {unknown}
 g - 2 potions of might {unknown}
 j - a potion of flight {unknown}
 k - 3 potions of brilliance {unknown}
 s - a potion of heal wounds {unknown}
 t - a potion of mutation {unknown}
 v - 2 potions of curing
 x - 2 potions of berserk rage {unknown}
 A - a potion of lignification {unknown}


   Skills:
 - Level 1.7 Dodging
 - Level 1.7 Stealth
 + Level 6.0 Spellcasting
 * Level 4.4 Necromancy
 - Level 6.1 Ice Magic
 + Level 2.4 Earth Magic


You had 10 spell levels left.
You knew the following spells:

 Your Spells              Type           Power      Damage    Failure   Level
a - Freeze                Ice            100%       1d10      1%          1
b - Frozen Ramparts       Ice            54%        1d9       2%          3
c - Ozocubu's Armour      Ice            27%        N/A       2%          3
t - Sublimation of Blood  Necr           32%        N/A       3%          2

Your spell library contained the following spells:

 Spells                   Type           Power      Damage    Failure   Level
 Necrotise                Necr           100%       1d9       1%          1
 Kiss of Death            Conj/Necr      80%        2d11      4%          1
 Ensorcelled Hibernation  Hex/Ice        32%        N/A       4%          2
 Vampiric Draining        Necr           32%        2d8       6%          3
 Passwall                 Tmut/Erth      7%         N/A       11%         2
 Dispel Undead            Necr           32%        3d14      19%         4
 Summon Ice Beast         Ice/Summ       16%        N/A       32%         4
 Confusing Touch          Hex            5%         N/A       34%         3
 Swiftness                Air            5%         N/A       34%         3


Dungeon Overview and Level Annotations

Branches:
Dungeon (6/15)             Temple (1/1) D:5

Altars:
Dithmenos
Fedhas
Gozag
Hepliaklqana
Kikubaaqudgha
Makhleb
Okawaru
Qazlal
Trog
Uskayaw
Vehumet
Wu Jian
Xom
Yredelemnul

Shops:
D:1 (   D:2 [


Innate Abilities, Weirdness & Mutations

You have large cloven feet.
You are surrounded by a mild repulsion field. (EV +2)


Message History

The jelly is heavily wounded.
The jelly misses you.
Casting: Freeze (safe; 1% risk of failure)
Confirm with . or Enter, or press ? or * to list all spells.
You don't have enough magic to cast this spell.
You hit the jelly but do no damage.
Your hands burn!
* * * LOW HITPOINT WARNING * * *
You kick the jelly, but do no damage.
The jelly is heavily wounded.
The jelly hits you but does no damage.
Casting: Freeze (safe; 1% risk of failure)
Confirm with . or Enter, or press ? or * to list all spells.
You don't have enough magic to cast this spell.
You hit the jelly.
Your hands burn!
* * * LOW HITPOINT WARNING * * *
The jelly is heavily wounded.
The jelly hits you but does no damage.
Casting: Freeze (safe; 1% risk of failure)
Confirm with . or Enter, or press ? or * to list all spells.
You don't have enough magic to cast this spell.
You hit the jelly.
Your hands burn!
* * * LOW HITPOINT WARNING * * *
You kick the jelly, but do no damage.
The jelly is severely wounded.
The jelly misses you.
Casting: Freeze (safe; 1% risk of failure)
Confirm with . or Enter, or press ? or * to list all spells.
You don't have enough magic to cast this spell.
You feel better. The jelly hits you.
* * * LOW HITPOINT WARNING * * *
The acid corrodes you!
You are splashed with acid!
* * * LOW HITPOINT WARNING * * *
You barely miss the jelly. Your kick misses the jelly.
You punch the jelly, but do no damage.
The jelly is severely wounded.
The jelly hits you.
* * * LOW HITPOINT WARNING * * *
The acid corrodes you!
You are splashed with acid!
You die...
Kikubaaqudgha rasps: "You have failed me!
Welcome... death!"

#...# .# ####...##.#
#.# ?........ #.#
........## ...
......... ....#
#...##..# #.#.#
#.J.##..# #.#.#
#.@.##..# #.#.#####
##.###..###........
######............#####
....>........##.###
#######.##...##.#######
#.#####.......... #.#
#.#...##### #.#
#.......... #.#
#.###......


You could see a jelly.

Vanquished Creatures
  Grinder (D:5)
  3 black bears
  2 ogres (D:5)
  A phantom (D:6)
  2 scorpions
  2 hounds
  Jessica (D:2)
  3 iguanas
  Terence (D:2)
  An orc wizard (D:3)
  5 adders
  2 river rats (D:5)
  A white imp (D:5)
  2 ufetubi (D:5)
  4 worms
  4 orcs
  3 bats
  2 bat zombies (D:3)
  9 endoplasms
  2 giant cockroaches
  6 goblins
  5 hobgoblins
  8 jackals
  4 quokkas
  8 ball pythons
  2 frilled lizards
  5 kobolds
  7 rats
  A rat zombie (D:3)
97 creatures vanquished.

Notes
Turn   | Place    | Note
-------+----------+-------------------------------------------
     0 | D:1      | Nacht the Demonspawn Ice Elementalist began the quest for
                  | the Orb.
     0 | D:1      | Reached XP level 1. HP: 13/13 MP: 3/3
   178 | D:1      | Found Veam's Antique Weapon Shop.
   182 | D:1      | Gained mutation: You are surrounded by a mild repulsion
                  | field. (EV +2) [demonic ancestry]
   182 | D:1      | Reached XP level 2. HP: 10/19 MP: 0/5
   908 | D:2      | Reached XP level 3. HP: 24/24 MP: 1/7
   986 | D:2      | Noticed Jessica
   994 | D:2      | Killed Jessica
  1121 | D:2      | Noticed Terence
  1125 | D:2      | Killed Terence
  1126 | D:2      | Reached XP level 4. HP: 19/30 MP: 4/8
  1590 | D:2      | Found Maicuepe's Armour Shoppe.
  1933 | D:3      | Learned a level 3 spell: Frozen Ramparts
  1937 | D:3      | Learned a level 3 spell: Ozocubu's Armour
  1994 | D:3      | Reached XP level 5. HP: 29/35 MP: 5/10
  2159 | D:3      | Found a faded altar of an unknown god.
  2431 | D:3      | Found an ancient bone altar of Kikubaaqudgha.
  2708 | D:3      | Became a worshipper of Kikubaaqudgha
  2934 | D:4      | Reached skill level 5 in Ice Magic
  3017 | D:4      | Noticed a black bear
  3027 | D:4      | Killed a black bear
  3028 | D:4      | Reached XP level 6. HP: 41/41 MP: 2/12
  4082 | D:5      | Entered Level 5 of the Dungeon
  4147 | D:5      | Reached skill level 5 in Spellcasting
  4326 | D:5      | Reached XP level 7. HP: 43/46 MP: 4/14
  4442 | D:5      | Found a staircase to the Ecumenical Temple.
  4461 | D:5      | Noticed Grinder
  4480 | D:5      | Paralysed by Grinder for 4 turns
  4487 | D:5      | Paralysed by Grinder for 3 turns
  4500 | Temple   | Entered the Ecumenical Temple
  4792 | D:5      | Paralysed by Grinder for 4 turns
  4805 | D:5      | Paralysed by Grinder for 5 turns
  4810 | D:5      | Killed Grinder
  4811 | D:5      | Reached skill level 1 in Earth Magic
  4925 | D:5      | Reached * piety under Kikubaaqudgha
  4925 | D:5      | Received a gift from Kikubaaqudgha
  4929 | D:5      | Learned a level 2 spell: Sublimation of Blood
  5494 | D:5      | Gained mutation: You have large cloven feet. [demonic
                  | ancestry]
  5494 | D:5      | Reached XP level 8. HP: 52/52 MP: 6/16
  5983 | D:6      | Identified the amulet "Hytatad" {Acrobat Harm rF+}
  5999 | D:6      | Splashed by a jelly's acid

Illustrated notes

Levels and vault maps discovered:
D:1:      kennysheep_arrival_seaside, layout_basic, serial_shops, shop
D:2:      layout_basic, serial_shops, shop, minmay_tetromino_t4, uniq_jessica,
          uniq_terence
D:3:      layout_basic, lemuel_zombie_altar_kikubaaqudgha,
          shapermc_ecumenical_altar_notcrosses
D:4:      layout_basic, hangedman_glass_teeth, minmay_misc_feat_iff
D:5:      layout_loops_cross, temple_statues, portal_sewer_entry_e,
          kennysheep_generic_room_4, uniq_grinder
D:6:      layout_loops_ring
Temple:   nicolae_temple_elliptical

Skill      XL: |  1  2  3  4  5  6  7  8 |
---------------+-------------------------+-----
Ice Magic      | 4 5 6 |  6.1
Spellcasting   | 3 4 5 6 |  6.0
Necromancy     | 3 4 |  4.4
Earth Magic    | 2 |  2.4
Dodging        | |  1.7
Stealth        | |  1.7

Action                     |  1- 3 |  4- 6 |  7- 9 || total
---------------------------+-------+-------+-------++-------
  Melee: Unarmed           |    22 |       |       ||    22
         Hand axe          |     6 |    17 |       ||    23
         Short sword       |       |     1 |       ||     1
         Dagger            |       |    17 |    10 ||    27
         Staff             |       |       |    24 ||    24
         Kick              |       |       |     4 ||     4
         Punch             |       |       |     1 ||     1
  Throw: Dart              |     2 |       |       ||     2
   Cast: Freeze            |    36 |    80 |    54 ||   170
         Frozen Ramparts   |       |     9 |    11 ||    20
         Ozocubu's Armour  |       |     5 |    11 ||    16
  Evoke: Wand              |       |       |     4 ||     4
    Use: Potion            |     2 |       |     3 ||     5
 Armour: Robe              |    18 |    26 |    28 ||    72
  Dodge: Dodged            |    47 |   116 |    65 ||   228

Table legend: (Time is in decaauts)
 A = Elapsed time spent in this place.
 B = Non-inter-level travel time spent in this place.
 C = Inter-level travel time spent in this place.
 D = Time resting spent in this place.
 E = Time spent auto-exploring this place.
 F = Levels seen in this place.
 G = Mean time per level.
                   A        B        C        D        E       F      G
               +--------+--------+--------+--------+--------+-----+--------+
         Total |   6031 |   5712 |    319 |      0 |   4850 |   7 |  861.6 |
       Dungeon |   5791 |   5494 |    297 |      0 |   4649 |   6 |  965.2 |
        Temple |    240 |    218 |     22 |      0 |    201 |   1 |  240.0 |
               +--------+--------+--------+--------+--------+-----+--------+

Top non-repeatable levels by time:
     D:5: 1458 daAuts
     D:4: 1198 daAuts
     D:2: 1051 daAuts
     D:3: 1031 daAuts
     D:1: 828 daAuts
  Temple: 240 daAuts
     D:6: 223 daAuts
